 Dungeon Crawl Stone Soup version 0.29-a0-923-g6e406bff71 (webtiles) character file.

Game seed: 13627173755998810156

39 IdlyInterested the Chucker (level 3, -2/27 HPs)
             Began as a Demonspawn Wanderer on July 27, 2022.
             Slain by a white imp (4 damage)
             ... summoned by Natasha
             ... on level 2 of the Dungeon.
             The game lasted 00:07:10 (2449 turns).

IdlyInterested the Chucker (Demonspawn Wanderer)    Turns: 2449, Time: 00:07:10

Health: -2/27      AC:  3    Str: 12    XL:     3   Next: 28%
Magic:  15/15      EV: 11    Int: 16    God:
Gold:   107        SH:  4    Dex: 13    Spells: 5/6 levels left

rFire   . . .      SeeInvis .   a - +3 dagger
rCold   . . .      Faith    .   c - +0 buckler
rNeg    . . .      Spirit   .   e - +0 robe
rPois   .          Reflect  .   (helmet restricted)
rElec   .          Harm     .   (no cloak)
rCorr   +          Rampage  .   f - +0 pair of gloves
Will    .....                   (no boots)
Stlth   +.........              (no amulet)
HPRegen 0.09/turn               g - ring of resist corrosion
MPRegen 0.14/turn               s - ring of magical power

@: no status effects
A: antennae 1, big brain 1
a: no special abilities


You were on level 2 of the Dungeon.
You visited 1 branch of the dungeon, and saw 2 of its levels.

You collected 107 gold pieces.

Inventory:

Hand Weapons
 a - a +3 dagger (weapon)
 i - a +0 short sword
Missiles
 b - a curare-tipped dart
 k - 5 boomerangs
 r - 5 atropa-tipped darts
Armour
 c - a +0 buckler (worn)
 e - a +0 robe (worn)
 f - a +0 pair of gloves (worn)
 n - a +0 scale mail
 q - a +0 ring mail
Jewellery
 g - a ring of resist corrosion (left hand)
 s - a ring of magical power (right hand)
Scrolls
 d - a scroll of blinking
 h - 2 scrolls of teleportation
 j - a scroll of torment {unknown}
 p - a scroll of enchant weapon
Potions
 l - 2 potions of curing
 m - a potion of heal wounds
 o - a potion of ambrosia


   Skills:
 - Level 2.0 Fighting
 + Level 1.1 Short Blades
 - Level 3.6 Throwing
 + Level 0.2 Armour
 - Level 1.0 Dodging
 - Level 1.7 Shields
 * Level 2.2 Spellcasting
 - Level 1.0 Poison Magic


You had 5 spell levels left.
You knew the following spells:

 Your Spells              Type           Power      Damage    Failure   Level
a - Sting                 Tmut/Pois      12%        1d3       22%         1

Your spell library contained the following spells:

 Spells                   Type           Power      Damage    Failure   Level
 Blink                    Tloc           2%         N/A       38%         2
 Mephitic Cloud           Conj/Pois/Air  2%         N/A       56%         3
 Manifold Assault         Tloc           1%         N/A       100%        5
 Storm Form               Tmut/Air       0%         N/A       100%        7


Dungeon Overview and Level Annotations

Branches:
Dungeon (2/15)

Altars:

Shops:
D:2 *

Annotations:
D:2 1 runed translucent door, Natasha


Innate Abilities, Weirdness & Mutations

You have a pair of small antennae on your head.
You have an unusually large brain. (Int +2)


Message History

Found Epoviuckid's Assorted Antiques.
There is an entrance to Epoviuckid's Assorted Antiques here.
You can access your shopping list by pressing '$'.
Natasha, Servant of Life and Death comes into view.
She is carrying a wand of digging (7).
Natasha hisses angrily.
Natasha zaps a wand.
Some rock shatters into small pieces.
You closely miss Natasha.
Natasha mumbles some strange words.
You hit Natasha.
Natasha is lightly wounded.
Natasha completely misses you.
You closely miss Natasha.
Natasha is lightly wounded.
Natasha barely misses you.
You hit Natasha.
Natasha is moderately wounded.
Natasha claws you but does no damage. You block the white imp's attack.
You barely miss Natasha.
Natasha is moderately wounded.
Natasha misses you. The white imp hits you. The white imp freezes you.
You hit Natasha.
Natasha is heavily wounded.
Natasha barely misses you. The white imp misses you.
You hit Natasha.
Natasha is heavily wounded.
Natasha barely misses you.
You miss Natasha.
Natasha is heavily wounded.
The white imp gestures at you. The puff of frost hits you!
Natasha claws you but does no damage.
You hit Natasha.
Natasha is severely wounded.
You block the white imp's attack. Natasha claws you!
* * * LOW HITPOINT WARNING * * *
You hit Natasha.
Natasha is almost dead.
The white imp hits you.
* * * LOW HITPOINT WARNING * * *
The white imp freezes you.
You die...

##.## #..
...#####..
##...####..
####..
#.......+..
+.....
##...####.
####.. ##.##
.# #..
#####.####.#
#..
#....∩.....#
###
#.###.###..#
#.# #@.# #.#
#h5# #.#
#..# #..
.... ...
..###
#..##.. #.#
..#


You could see Natasha and a white imp (summoned).

Vanquished Creatures
  3 dart slugs (D:1)
  2 endoplasms
  3 giant cockroaches (D:1)
  5 hobgoblins
  5 kobolds
  A quokka (D:1)
  5 ball pythons (D:1)
  2 bats (D:1)
  A frilled lizard (D:2)
  3 goblins
  2 rats (D:1)
32 creatures vanquished.

Notes
Turn   | Place    | Note
-------+----------+-------------------------------------------
     0 | D:1      | IdlyInterested the Demonspawn Wanderer began the quest for
                  | the Orb.
     0 | D:1      | IdlyInterested set off with the following items: a +2
                  | dagger, a curare-tipped dart, a +0 buckler, a scroll of
                  | blinking, a +0 robe; and the following spell memorised:
                  | Sting; and the following spells available to memorise:
                  | Mephitic Cloud.
     0 | D:1      | Reached XP level 1. HP: 16/16 MP: 2/2
   200 | D:1      | Gained mutation: You have a pair of small antennae on your
                  | head. [demonic ancestry]
   200 | D:1      | Reached XP level 2. HP: 11/22 MP: 0/4
  1046 | D:1      | Reached skill level 1 in Dodging
  1070 | D:1      | Found a faded altar of an unknown god.
  1075 | D:1      | Reached skill level 1 in Short Blades
  1127 | D:1      | Gained mutation: You have an unusually large brain. (Int
                  | +2) [demonic ancestry]
  1127 | D:1      | Reached XP level 3. HP: 7/27 MP: 6/6
  1853 | D:2      | Found a runed translucent door.
  2427 | D:2      | Found Epoviuckid's Assorted Antiques.
  2437 | D:2      | Noticed Natasha
  2449 | D:2      | Slain by a white imp

Illustrated notes

Levels and vault maps discovered:
D:1:      evilmike_arrival_plus, layout_basic, dreamdust_ecumenical_altar_grove,
          feat_on_display
D:2:      layout_loops_corners, serial_shops, shop, uniq_natasha,
          uniq_crazy_yiuf_cottage

Skill      XL: |  1  2 |
---------------+-------+-----
Spellcasting   | 2 |  2.2
Dodging        | 1 |  1.0
Short Blades   | 1 |  1.1
Fighting       | |  2.0
Throwing       | |  3.6
Armour         | |  0.2
Shields        | |  1.7
Poison Magic   | |  1.0

Action                   || total
-------------------------++-------
Melee: Dagger            ||    98
 Cast: Sting             ||    11
  Use: Scroll            ||     4
       Potion            ||     2
 Stab: Sleeping          ||     2
Armor: Robe              ||    27
Dodge: Dodged            ||    48
Block: Buckler           ||    19

Table legend: (Time is in decaauts)
 A = Elapsed time spent in this place.
 B = Non-inter-level travel time spent in this place.
 C = Inter-level travel time spent in this place.
 D = Time resting spent in this place.
 E = Time spent auto-exploring this place.
 F = Levels seen in this place.
 G = Mean time per level.
                   A        B        C        D        E       F      G
               +--------+--------+--------+--------+--------+-----+--------+
         Total |   2450 |   2327 |    123 |    722 |   1163 |   2 | 1225.0 |
       Dungeon |   2450 |   2327 |    123 |    722 |   1163 |   2 | 1225.0 |
               +--------+--------+--------+--------+--------+-----+--------+

Top non-repeatable levels by time:
     D:1: 1824 daAuts
     D:2: 625 daAuts
